 Dungeon Crawl Stone Soup version 0.30-a0-358-g0d69a1922f (webtiles) character file.

Game seed: 2425101641569377542

6792 NinjaNoafa the Cleaver (level 10, -6/91 HPs)
             Began as a Minotaur Fighter on Nov 8, 2022.
             Was an Initiate of Yredelemnul.
             Collided with a rock wall (17 damage)
             ... caused by Erica
             ... on level 10 of the Dungeon.
             The game lasted 00:17:06 (10488 turns).

NinjaNoafa the Cleaver (Minotaur Fighter)          Turns: 10488, Time: 00:17:07

Health: -6/91      AC: 14    Str: 31    XL:     10   Next: 76%
Magic:  14/14      EV:  7    Int:  5    God:    Yredelemnul [......]
Gold:   128        SH:  5    Dex: 10    Spells: 9/9 levels left

rFire   . . .      SeeInvis .    B - +1 demon whip (flame)
rCold   . . .      Faith    .    c - +0 buckler
rNeg    + . .      Spirit   .    G - +0 plate armour
rPois   .          Reflect  .    (helmet restricted)
rElec   .          Harm     .    (no cloak)
rCorr   .          Rampage  .    (no gloves)
Will    .....                    m - +0 pair of boots
Stlth   ..........               (no amulet)
HPRegen 0.35/turn                e - ring of positive energy
MPRegen 0.14/turn                C - +6 ring of strength

@: unable to read, unable to drink
A: horns 2, retaliatory headbutt, hooves 1, low MP 1, inability to drink after
injury 1, inability to read after injury 1
a: Renounce Religion, Recall Undead Harvest


You were on level 10 of the Dungeon.
You worshipped Yredelemnul.
Yredelemnul was aware of your devotion.
You visited 2 branches of the dungeon, and saw 11 of its levels.

You collected 524 gold pieces.
You spent 396 gold pieces at shops.

Inventory:

Hand Weapons
 B - a +1 demon whip of flaming (weapon)
Missiles
 h - 58 stones
 l - 16 poisoned darts
 u - 2 boomerangs (quivered)
 I - 5 atropa-tipped darts
Armour
 c - a +0 buckler (worn)
 m - a +0 pair of boots (worn)
 G - a +0 plate armour (worn)
Jewellery
 e - a ring of positive energy (left hand)
 k - a ring of resist corrosion
 y - a ring of flight
 C - a +6 ring of strength (right hand)
 D - a ring of willpower
Wands
 q - a wand of flame (10)
 s - a wand of mindburst (30)
 z - a wand of roots (8)
 J - a wand of digging (5)
Scrolls
 f - 2 scrolls of poison {unknown}
 g - 3 scrolls of magic mapping {unknown}
 i - a scroll of fear {unknown}
 j - a scroll of summoning {unknown}
 o - 13 scrolls of identify {unknown}
 p - 2 scrolls of butterflies {unknown}
 v - 3 scrolls of immolation {unknown}
 w - a scroll of noise {unknown}
 A - 6 scrolls of teleportation
 E - 2 scrolls of enchant weapon {unknown}
Potions
 a - 2 potions of brilliance
 b - a potion of magic {unknown}
 d - a potion of lignification
 n - 3 potions of flight
 r - a potion of attraction {unknown}
 t - a potion of berserk rage
 x - a potion of haste {unknown}
 F - a potion of curing
 H - a potion of might


   Skills:
 - Level 9.0 Fighting
 - Level 11.0(11.8) Axes
 + Level 6.9(9.9) Maces & Flails
 - Level 7.0 Armour
 - Level 5.0 Shields
 - Level 9.0 Invocations


You had 9 spell levels left.
You didn't know any spells.
Your spell library contained the following spells:

 Spells                   Type           Power      Damage    Failure   Level
 Ensorcelled Hibernation  Hex/Ice        0%         N/A       100%        2
 Passwall                 Tmut/Erth      0%         N/A       100%        2
 Sublimation of Blood     Necr           0%         N/A       100%        2
 Wereblood                Tmut           0%         N/A       100%        2
 Swiftness                Air            0%         N/A       100%        3
 Vhi's Electric Charge    Tloc/Air       0%         N/A       100%        3
 Olgreb's Toxic Radiance  Pois           0%         N/A       100%        4
 Arcjolt                  Conj/Air       0%         1d10      100%        5
 Ozocubu's Refrigeration  Ice            0%         4d7       100%        7
 Summon Hydra             Summ           0%         N/A       100%        7
 Ignition                 Fire           0%         3d3       100%        8
 Maxwell's Capacitive Co  Air            0%         ∞         100%        8


Dungeon Overview and Level Annotations

Branches:
Dungeon (10/15)            Temple (1/1) D:5
   Lair: D:8-11         Orc: D:9-12

Altars:
Ashenzari
Cheibriados
Dithmenos
Elyvilon
Fedhas
Gozag
Hepliaklqana
Kikubaaqudgha
Makhleb
Nemelex Xobeh
Okawaru
Qazlal
Ru
Sif Muna
Trog
Uskayaw
Vehumet
Wu Jian
Xom
Yredelemnul
The Shining One

Shops:
D:1 =   D:7 :

Annotations:
D:10 Erica


Innate Abilities, Weirdness & Mutations

You have a pair of horns on your head.
You reflexively headbutt those who attack you in melee.
You have large cloven feet.
Your magical capacity is low. (-10% MP)
You occasionally lose the ability to drink potions when taking damage.
You occasionally lose the ability to read scrolls when taking damage.


Message History

The orc warrior hits you but does no damage.
You closely miss the orc warrior.
The orc warrior is almost dead.
You whack the orc warrior! You burn the orc warrior.
You kill the orc warrior!
Erica hits you but does no damage.
You whack the orc! You burn the orc.
You kill the orc!
The dead are walking!
Erica points at you and mumbles some strange words.
You are confused.
Something hits you but does no damage.
Are you sure you want to stumble around while confused and next to your orc zombie? [Y]es or [N]o only, please.
Are you sure you want to stumble around while confused and next to your orc zombie?
Okay, then.
Erica points at you and mumbles some strange words.
The lance of force hits you!!
You are knocked back by the lance of force.
You slam into the rock wall!
Something hits you but does no damage. The orc hits you but does no damage.
Your orc zombie barely misses Erica.
Erica mumbles some strange words.
Erica flickers and vanishes!
The orc barely misses you. Something hits you but does no damage.
Something hits you. Something burns you.
The orc hits you with a +0 short sword. Something hits you but does no damage.
Something hits you. Something burns you. The orc hits you but does no damage.
Something hits you but does no damage.
You feel less confused.
You hear some strange, mumbled words.
A lance of force appears from out of thin air!
The lance of force hits you!!
You feel threatened and lose the ability to drink potions!
* * * LOW HITPOINT WARNING * * *
You are knocked back by the lance of force.
You slam into the rock wall!
You feel threatened and lose the ability to read scrolls!
You die...
Your body rises from the dead as a mindless zombie.

#.# #.###### #.#..(.
.. ...... ##.#
.#########...# ....
.............# ....
.........{{#.# ....
........)Z@o.#
~...##########.######
~..........Z...[......
~.....#.....#########.
~.....#.#####
~~......#
~~.....#######
....Z.........
......#.######


You could see an orc and a friendly orc zombie.

Vanquished Creatures
  Pikel (D:6)
  A gargoyle (D:7)
  Sigmund (D:5)
  A wyvern (D:6)
  A human (D:5)
  8 yaks
  2 steam dragons
  2 water moccasins
  Duvessa (D:5)
  3 orc warriors
  2 sky beasts
  An ogre (D:4)
  4 centaurs
  2 phantoms (D:6)
  4 lemures (D:6)
  A scorpion (D:6)
  A bullfrog (D:9)
  7 wights
  Dowan (D:5)
  3 killer bees (D:10)
  A howler monkey (D:6)
  A centaur zombie (D:4)
  A jelly (D:6)
  5 orc priests
  7 hounds
  A gnoll bouda (D:6)
  Ijyb (D:3)
  Terence (D:3)
  A scorpion zombie (D:4)
  8 orc wizards
  3 hound zombies (D:4)
  A hound skeleton (D:4)
  A howler monkey zombie (D:4)
  7 gnolls
  8 adders
  A shadow imp (D:6)
  A white imp (D:6)
  5 adder zombies (D:4)
  An adder skeleton (D:4)
  A worm (D:3)
  2 dart slugs
  34 orcs
  9 endoplasms
  4 giant cockroaches
  12 goblins
  7 hobgoblins
  6 quokkas
  2 ball pythons (D:3)
  A bat (D:3)
  A jackal zombie (D:5)
  8 kobolds
  4 rats
193 creatures vanquished.

Vanquished Creatures (collateral kills)
  Grinder (D:6)
  5 yaks
  A gnoll sergeant (D:6)
  A hound (D:6)
  3 orc wizards
  3 gnolls
  6 orcs
20 creatures vanquished.

Vanquished Creatures (others)
  3 yak zombies
  A centaur zombie (D:7)
  A killer bee zombie (D:10)
  A steam dragon zombie (D:9)
  An adder zombie (D:6)
  A spectral shadow imp (D:6)
  A gnoll zombie (D:6)
  9 orc zombies
  25 plants
43 creatures vanquished.

Grand Total: 256 creatures vanquished

Notes
Turn   | Place    | Note
-------+----------+-------------------------------------------
     0 | D:1      | NinjaNoafa the Minotaur Fighter began the quest for the
                  | Orb.
     0 | D:1      | Reached XP level 1. HP: 19/19 MP: 0/0
   105 | D:1      | Found Vuaddor's Jewellery Emporium.
   464 | D:1      | Reached skill level 3 in Axes
   464 | D:1      | Reached XP level 2. HP: 22/27 MP: 1/1
   937 | D:2      | Reached XP level 3. HP: 33/34 MP: 2/2
  1463 | D:3      | Reached skill level 4 in Axes
  1503 | D:3      | Reached XP level 4. HP: 41/41 MP: 3/3
  1515 | D:3      | Reached skill level 5 in Fighting
  1524 | D:3      | Reached XP level 5. HP: 23/48 MP: 4/4
  1675 | D:3      | Noticed Ijyb
  1688 | D:3      | Killed Ijyb
  1689 | D:3      | Reached skill level 5 in Axes
  1849 | D:3      | Noticed Terence
  1854 | D:3      | Killed Terence
  2609 | D:4      | Reached XP level 6. HP: 54/57 MP: 5/5
  2711 | D:4      | Reached skill level 6 in Axes
  3123 | D:4      | Reached skill level 7 in Axes
  3123 | D:4      | Reached XP level 7. HP: 64/66 MP: 6/6
  3555 | D:5      | Entered Level 5 of the Dungeon
  3650 | D:5      | Reached skill level 8 in Axes
  3800 | D:5      | Found a staircase to the Ecumenical Temple.
  3825 | Temple   | Entered the Ecumenical Temple
  4349 | D:5      | Found a runed translucent door.
  4349 | D:5      | Noticed a human
  4353 | D:5      | Found a basalt altar of Yredelemnul.
  4362 | D:5      | Killed a human
  4363 | D:5      | Reached skill level 9 in Axes
  4454 | D:5      | Noticed Dowan
  4454 | D:5      | Noticed Duvessa
  4483 | D:5      | Became a worshipper of Yredelemnul the Dark
  4640 | D:5      | Noticed Sigmund
  4651 | D:5      | Killed Sigmund
  4652 | D:5      | Reached XP level 8. HP: 68/74 MP: 7/7
  4845 | D:5      | Found a stormy altar of Qazlal.
  5239 | D:6      | Reached * piety under Yredelemnul
  5378 | D:6      | Reached skill level 10 in Axes
  5448 | D:5      | Killed Duvessa
  5463 | D:5      | Killed Dowan
  5599 | D:6      | Noticed Pikel
  5779 | D:6      | Noticed Grinder
  5786 | D:6      | Killed Grinder
  5787 | D:6      | Reached skill level 11 in Axes
  6025 | D:6      | Found a bloodstained altar of Trog.
  6037 | D:6      | Killed Pikel
  6037 | D:6      | Reached ** piety under Yredelemnul
  6038 | D:6      | Reached XP level 9. HP: 39/83 MP: 8/11
  6049 | D:6      | Reached skill level 5 in Invocations
  6589 | D:7      | Found a radiant altar of Vehumet.
  6780 | D:7      | Found Kedu's Book Shoppe.
  6844 | D:7      | Found a sacrificial altar of Ru.
  6967 | D:7      | Noticed a gargoyle
  6969 | D:7      | Found a faded altar of an unknown god.
  6971 | D:7      | Found a hazy altar of Hepliaklqana.
  6974 | D:7      | Gained mutation: Your magical capacity is low. (-10% MP)
                  | [potion of mutation]
  6974 | D:7      | Gained mutation: You sometimes lose your temper in combat.
                  | [potion of mutation]
  6974 | D:7      | Gained mutation: You are partially covered in iridescent
                  | scales. (AC +2) [potion of mutation]
  6976 | D:7      | Lost mutation: You are partially covered in iridescent
                  | scales. (AC +2) [potion of mutation]
  6976 | D:7      | Lost mutation: Your magical capacity is low. (-10% MP)
                  | [potion of mutation]
  6976 | D:7      | Gained mutation: You are agile. (Dex +4, Str/Int -1)
                  | [potion of mutation]
  6984 | D:7      | Killed a gargoyle
  7274 | D:8      | Reached skill level 5 in Armour
  7482 | D:8      | Reached skill level 1 in Maces & Flails
  7482 | D:8      | Reached skill level 5 in Shields
  7492 | D:8      | Reached XP level 10. HP: 65/91 MP: 14/14
  8124 | D:1      | Bought a +6 ring of strength for 396 gold pieces
  8380 | D:8      | Identified the +0 helmet of the Snail {rC+ Int+3 Dex+2}
  8683 | D:8      | Found a glowing golden altar of the Shining One.
  9042 | D:9      | Found a shadowy altar of Dithmenos.
  9047 | D:9      | Reached *** piety under Yredelemnul
  9242 | D:9      | Reached skill level 5 in Maces & Flails
  9399 | D:9      | Found an opulent altar of Gozag.
  9894 | D:9      | Lost mutation: You sometimes lose your temper in combat.
                  | [potion of mutation]
  9894 | D:9      | Lost mutation: You are agile. (Dex +4, Str/Int -1) [potion
                  | of mutation]
  9894 | D:9      | Gained mutation: You occasionally lose the ability to read
                  | scrolls when taking damage. [potion of mutation]
  9894 | D:9      | Gained mutation: Your magical capacity is low. (-10% MP)
                  | [potion of mutation]
  9894 | D:9      | Gained mutation: You occasionally lose the ability to drink
                  | potions when taking damage. [potion of mutation]
  9894 | D:9      | Gained mutation: You have large cloven feet. [potion of
                  | mutation]
 10027 | D:9      | Reached **** piety under Yredelemnul
 10180 | D:10     | Entered Level 10 of the Dungeon
 10471 | D:10     | Noticed Erica
 10488 | D:10     | Collided with a rock wall

Illustrated notes

Levels and vault maps discovered:
D:1:      lightli_iron_boxes, layout_loops_corners, serial_shops,
          nicolae_shop_behind_doors
D:2:      layout_rooms, chequers_avenue
D:3:      layout_basic, grunt_ministairs_6, corexii_hall_statues_deadend,
          uniq_terence, uniq_ijyb
D:4:      layout_gridville, serial_undead, serial_undead_b, serial_undead_f,
          serial_undead_a, serial_undead_c, serial_undead_e, serial_undead_d
D:5:      layout_cave_pods, dk_yredelemnul_ordeal,
          nicolae_qazlal_eye_of_the_storm, minmay_temple_entry_stoned_glass,
          uniq_duvessa, uniq_sigmund
D:6:      layout_rooms, mainiacjoe_overflow_chevrons, uniq_pikel, uniq_grinder
D:7:      layout_rooms, beargit_hepliaklqana_dungeon_heroes,
          mainiacjoe_overflow_brackets, mainiacjoe_overflow_cross_hatched,
          serial_shops, shop
D:8:      layout_basic, tso_oasis_becter, lightli_orcish_oven
D:9:      layout_gridville, mainiacjoe_overflow_catwalk,
          grunt_gozag_breadcrumbs, minmay_liquid_box
D:10:     layout_basic, zin_scriptorium, orc_0_dummy, uniq_erica
Temple:   minmay_temple_forest_path

Skill      XL: |  1  2  3  4  5  6  7  8  9 10 |
---------------+-------------------------------+-----
Fighting       | 4 5 6 7 9 |  9.0
Axes           | 3 4 5 7 9 11 | 11.0
Invocations    | 4 7 9 |  9.0
Armour         | 5 7 |  7.0
Shields        | 5 |  5.0
Maces & Flails | 1 6 |  6.9

Action                   |  1- 3 |  4- 6 |  7- 9 | 10-12 || total
-------------------------+-------+-------+-------+-------++-------
Melee: War axe           |    83 |   102 |   190 |       ||   375
       Headbutt          |    13 |    13 |    30 |    24 ||    80
       Demon whip        |       |       |    15 |   134 ||   149
Throw: Boomerang         |       |       |     5 |       ||     5
Invok: Recall Undead Har |       |       |       |     2 ||     2
       Dark Bargain      |       |       |       |     1 ||     1
  Use: Potion            |       |     1 |     9 |     3 ||    13
       Scroll            |       |       |     1 |       ||     1
 Stab: Distracted        |       |       |     1 |       ||     1
Armor: Scale mail        |    34 |    61 |    69 |    10 ||   174
       Skin              |       |       |     9 |       ||     9
       Ring mail         |       |       |       |    29 ||    29
       Plate armour      |       |       |       |    23 ||    23
Dodge: Dodged            |    32 |    55 |   111 |    44 ||   242
Block: Buckler           |    23 |    29 |    47 |    40 ||   139

Table legend: (Time is in decaauts)
 A = Elapsed time spent in this place.
 B = Non-inter-level travel time spent in this place.
 C = Inter-level travel time spent in this place.
 D = Time resting spent in this place.
 E = Time spent auto-exploring this place.
 F = Levels seen in this place.
 G = Mean time per level.
                   A        B        C        D        E       F      G
               +--------+--------+--------+--------+--------+-----+--------+
         Total |  10917 |  10086 |    831 |      0 |   8511 |  11 |  992.5 |
       Dungeon |  10493 |   9723 |    770 |      0 |   8160 |  10 | 1049.3 |
        Temple |    423 |    362 |     61 |      0 |    351 |   1 |  423.0 |
               +--------+--------+--------+--------+--------+-----+--------+

Top non-repeatable levels by time:
     D:5: 1643 daAuts
     D:9: 1457 daAuts
     D:8: 1230 daAuts
     D:4: 1161 daAuts
     D:3: 1137 daAuts
     D:6: 1026 daAuts
     D:1: 998 daAuts
     D:7: 975 daAuts
     D:2: 566 daAuts
  Temple: 423 daAuts
    D:10: 295 daAuts
